 Dungeon Crawl Stone Soup version 0.21.0-3-g78d12a8 (webtiles) character file.

263 tidbits the Chopper (level 6, -16/30 HPs)
             Began as a Vine Stalker Air Elementalist on Jan 11, 2018.
             Was an Initiate of Cheibriados.
             Demolished by an ogre
             ... wielding a +0 giant club
              (24 damage)
             ... on level 5 of the Dungeon.
             The game lasted 00:12:16 (1959 turns).

tidbits the Chopper (Vine Stalker Air Elementalist) Turns: 1959, Time: 00:12:17

Health: -16/30     AC:  7    Str: 14    XL:     6   Next: 19%
Magic:  0/10       EV:  9    Int: 16    God:    Cheibriados [......]
Gold:   138        SH:  0    Dex: 15    Spells: 8/9 levels left

rFire    . . .     SeeInvis .   a - +0 hand axe (elec)
rCold    . . .     Gourm    .   (no shield)
rNeg     . . .     Faith    .   B - +0 scale mail {MR+}
rPois    .         Spirit   +   E - +0 helmet
rElec    .         Reflect  .   (no cloak)
rCorr    .         Harm     .   (no gloves)
MR       +....                  (no boots)
Stlth    +.........             (no amulet)
HPRegen  0.90/turn              (no ring)
MPRegen  0.12/turn              (no ring)

@: very slow
A: fangs 2, regeneration 2, wild magic 1, magic shield, antimagic bite, no
potion heal 3, rot immunity
a: Bend Time, Renounce Religion


You were on level 5 of the Dungeon.
You worshipped Cheibriados.
Cheibriados was noncommittal.
You were not hungry.

You visited 2 branches of the dungeon, and saw 6 of its levels.

You collected 138 gold pieces.

Inventory:

Hand Weapons
 a - a +0 hand axe of electrocution (weapon)
   (You found it on level 1 of the Dungeon)
 d - a +0 dagger
 j - a +0 short sword
 q - a +2 hand axe of draining
   (You took it off an orc on level 4 of the Dungeon)
Missiles
 g - 44 sling bullets
 m - 18 arrows
Armour
 u - a +0 robe
 B - a +0 scale mail of magic resistance (worn)
   (You took it off an orc on level 4 of the Dungeon)
 E - a +0 helmet (worn)
Scrolls
 h - a scroll of amnesia {unknown}
 l - 2 scrolls of immolation
 p - a scroll of remove curse {unknown}
 r - a scroll of fear {unknown}
Potions
 e - a potion of resistance
 f - a potion of berserk rage {unknown}
 i - 2 potions of flight
 k - a potion of ambrosia {unknown}
 n - a potion of heal wounds {unknown}
 o - a potion of agility {unknown}
 s - a potion of mutation {!q}
Books
 b - a book of Air

   Spells                             Type                      Level
   a - Shock                          Conjuration/Air              1
   b - Swiftness                      Charms/Air                   2
   c - Static Discharge               Conjuration/Air              3
   d - Airstrike                      Air                          4
   e - Lightning Bolt                 Conjuration/Air              5
Comestibles
 c - 2 rations
 t - a chunk of flesh


   Skills:
 - Level 2.2 Fighting
 + Level 4.7 Axes
 - Level 1.5 Dodging
 - Level 2.4 Stealth
 - Level 2.1 Spellcasting
 - Level 1.0 Conjurations
 - Level 3.0 Air Magic


You had 8 spell levels left.
You knew the following spells:

 Your Spells              Type           Power        Failure   Level  Hunger
a - Shock                 Conj/Air       ##..         47%         1    #......


Dungeon Overview and Level Annotations

Branches:
Dungeon (5/15)             Temple (1/1) D:4

Altars:
Ashenzari
Cheibriados
Dithmenos
Elyvilon
Fedhas
Gozag
Kikubaaqudgha
Makhleb
Okawaru
Trog
Uskayaw
Vehumet
Wu Jian
Xom
Yredelemnul
The Shining One


Innate Abilities, Weirdness & Mutations

You have extremely sharp teeth.
You heal very quickly.
When hurt, damage is shared between your health and your magic reserves.
Your bite disrupts and absorbs the magic of your enemies.
Potions cannot restore your health.
You are immune to rotting.
Your spells are a little harder to cast, but a little more powerful.


Message History

The hound is almost dead.
The hound bites you but does no damage.
You closely miss the hound.
The hound is almost dead.
The hound bites you.
The hound stops to sniff the ground.
The hound bites you but does no damage.
You barely miss the hound. You bite the hound. You drain its power.
The hound is almost dead.
The hound bites you but does no damage. The hound bites you.
You hit the hound. Lightning courses through the hound!
You kill the hound!
Cheibriados thoroughly appreciates the change of pace.
Your life force feels restored.
Your Axes skill increases to level 4!
You see here a leopard gecko corpse.
You butcher the leopard gecko corpse.
t - 4 chunks of flesh (gained 1)
You found a shaft!
Some of the chunks of flesh in your inventory have rotted away.
Found an escape hatch in the floor.
A hound comes into view.
The hound barks!
The hound bites you. The hound bites you but does no damage.
You barely miss the hound. You bite the hound. You drain its power.
You feel invigorated.
The hound is lightly wounded.
The hound bites you. x2
You hit the hound. Your bite misses the hound.
The hound is heavily wounded.
The hound bites you but does no damage.
You hit the hound.
The hound is heavily wounded.
The hound bites you. x2
You hit the hound. Lightning courses through the hound!
You kill the hound!
Cheibriados thoroughly appreciates the change of pace.
You have reached level 6!
Your experience leads to an increase in your attributes!
Your base attributes are Str 12, Int 15, Dex 14.
Increase (S)trength, (I)ntelligence, or (D)exterity?
You feel stronger.
Unknown command.
There is an escape hatch in the floor here.
Found a leather armour.
You see here a leather armour.
Found a stone staircase leading down.
Found a stone staircase leading down.
There is a stone staircase leading down here.
You climb downwards.
There is a stone staircase leading up here.
Unknown command.
You climb upwards.
There is a stone staircase leading down here.
Unknown command.
There is a stone staircase leading down here.
You climb downwards.
A jelly, 3 orcs, an orc wizard and an ogre come into view.
The ogre shouts!
The orc wizard shouts!
The orc shouts! x3
The jelly quivers.
The orc throws a tomahawk.
The tomahawk hits you but does no damage.
The orc hits you with a war axe.
Found a scroll of identify, a centaur barding and a longbow.
There is a stone staircase leading up here.
You see here a tomahawk.
Unknown command.
You closely miss the orc. You bite the orc, but do no damage. You hit the orc.
Lightning courses through the orc!
You kill the orc!
Cheibriados appreciates the change of pace.
The orc barely misses you.
You hit the orc wizard.
Lightning courses through the orc wizard!
You kill the orc wizard!
Cheibriados appreciates the change of pace.
You completely miss the orc. The orc hits you but does no damage.
The orc throws a tomahawk.
The tomahawk barely misses you.
You hit the orc. You bite the orc. You drain its power.
You feel invigorated.
The orc is severely wounded.
The orc hits you but does no damage.
You barely miss the ogre. Your bite misses the ogre. You hit the orc.
Lightning courses through the orc!
You kill the orc!
Cheibriados appreciates the change of pace.
The ogre hits you but does no damage.
You hit the ogre but do no damage. You bite the ogre. You drain its power.
The ogre is lightly wounded.
You hit the orc but do no damage. The orc hits you.
The ogre hits you with a giant club!
You hit the ogre. Your bite misses the ogre.
The ogre is moderately wounded.
You hit the jelly.
Your hands burn!
You barely miss the orc. The orc hits you but does no damage.
The jelly hits you.
* * * LOW HITPOINT WARNING * * *
You are splashed with acid!
The acid burns!
* * * LOW HITPOINT WARNING * * *
The ogre hits you with a giant club!!
Ouch! That really hurt!
You die...

######.##
#.o......
#@O......
#)J...[..
#.......)
#........
#........
#########


You could see an ogre, a jelly and an orc.

Vanquished Creatures
  A crimson imp (D:2)
  2 orc wizards
  3 hounds
  2 adders
  A worm (D:2)
  A dart slug (D:2)
  2 leopard geckos (D:4)
  7 orcs
  3 ball pythons
  2 giant cockroaches (D:3)
  7 goblins
  8 hobgoblins
  9 kobolds
  A quokka (D:2)
  9 bats
  3 frilled lizards
  4 rats
65 creatures vanquished.

Notes
Turn   | Place    | Note
-------+----------+-------------------------------------------
     0 | D:1      | tidbits the Vine Stalker Air Elementalist began the quest for the Orb.
     0 | D:1      | Reached XP level 1. HP: 9/9 MP: 4/4
    81 | D:1      | Reached skill level 1 in Fighting
   132 | D:1      | Reached XP level 2. HP: 5/14 MP: 0/6
   346 | D:1      | Reached skill level 2 in Fighting
   559 | D:3      | Reached XP level 3. HP: 18/18 MP: 7/7
   824 | D:2      | Noticed a dagger
   824 | D:2      | Found a hide-covered altar of Uskayaw.
   824 | D:2      | Noticed a dagger
   854 | D:2      | Reached skill level 1 in Axes
  1070 | D:3      | Found a shattered altar of Ashenzari.
  1140 | D:3      | HP: 1/18 [kobold/dagger (2)]
  1251 | D:2      | Gained mutation: Your natural rate of healing is unusually fast. [Vine Stalker growth]
  1251 | D:2      | Reached XP level 4. HP: 9/23 MP: 5/8
  1255 | D:2      | Reached skill level 2 in Axes
  1568 | D:3      | Reached skill level 3 in Axes
  1568 | D:3      | Reached XP level 5. HP: 24/26 MP: 5/9
  1658 | D:4      | Gained mutation: You heal very quickly. [potion of mutation]
  1658 | D:4      | Gained mutation: Your spells are a little harder to cast, but a little more powerful. [potion of mutation]
  1659 | D:4      | Found a staircase to the Ecumenical Temple.
  1672 | Temple   | Entered the Ecumenical Temple
  1763 | Temple   | Became a worshipper of Cheibriados the Contemplative
  1829 | D:4      | Reached skill level 4 in Axes
  1877 | D:4      | Reached XP level 6. HP: 24/30 MP: 5/10
  1945 | D:5      | Entered Level 5 of the Dungeon
  1959 | D:5      | Demolished by an ogre

Skill      XL: |  1  2  3  4  5 |
---------------+----------------+-----
Fighting       | 1 2 |  2.2
Axes           | 1 3 4 |  4.7
Dodging        | |  1.5
Stealth        | |  2.4
Spellcasting   | |  2.1
Conjurations   | |  1.0
Air Magic      | |  3.0

Action                   |  1- 3 |  4- 6 || total
-------------------------+-------+-------++-------
Melee: Short sword       |    17 |       ||    17
       Bite              |    16 |    13 ||    29
       Hand axe          |    49 |    65 ||   114
       Dagger            |     1 |       ||     1
 Cast: Shock             |    32 |     4 ||    36
  Use: Scroll            |     4 |     2 ||     6
       Potion            |       |     1 ||     1
 Stab: Sleeping          |     4 |     2 ||     6
  Eat: Chunk             |     1 |     3 ||     4
Armor: Robe              |    11 |    11 ||    22
       Scale mail        |       |    20 ||    20
Dodge: Dodged            |    54 |    38 ||    92

Table legend:
 A = Turns spent in this place as a percentage of turns spent in the entire game.
 B = Non-inter-level travel turns spent in this place as a percentage of non-inter-level travel turns spent in the entire game.
 C = Inter-level travel turns spent in this place as a percentage of turns spent in this place.
 D = Turns resting spent in this place as a percentage of non-inter-level travel turns spent in this place.
 E = Turns spent auto-exploring this place as a percentage of non-inter-level travel turns spent in this place.
 F = Non-inter-level travel turns spent in this place divided by the number of levels of this place that you've seen.
                   A       B       C       D       E      F
               +-------+-------+-------+-------+-------+----------------------
         Total | 100.0 | 100.0 |   5.6 |   0.0 |   3.0 | 308.2
       Dungeon |  92.6 |  93.1 |   5.1 |   0.0 |   3.2 | 344.2
        Temple |   7.4 |   6.9 |  11.7 |   0.0 |   0.0 | 128.0
               +-------+-------+-------+-------+-------+----------------------

Table legend:
 A = Kills in this place as a percentage of kills in entire the game.
 B = Kills by you in this place as a percentage of kills by you in the entire game.
 C = Kills by friends in this place as a percentage of kills by friends in the entire game.
 D = Other kills in this place as a percentage of other kills in the entire game.
 E = Experience gained in this place as a percentage of experience gained in the entire game.
 F = Experience gained in this place divided by the number of levels of this place that you have seen.
                   A       B       C       D       E      F
               +-------+-------+-------+-------+-------+----------------------
         Total | 100.0 | 100.0 |   N/A |   N/A | 100.0 |  62.7
       Dungeon | 100.0 | 100.0 |   N/A |   N/A | 100.0 |  75.2
               +-------+-------+-------+-------+-------+----------------------

Vault maps used:
D:1:      tarquinn_simple_flora_water_a
D:2:      dancing_weapons_uskayaw
D:3:      evilmike_ruin_ashenzari
D:4:      temple_fountains
D:5:      first_ration, uniq_eustachio, uniq_grinder
Temple:   dpeg_five_rooms_temple
